 Dungeon Crawl Stone Soup version 0.25-a0-302-g9f758675c1 (webtiles) character file.

Game seed: 17795908428540738139, levelgen mode: deterministic

107 Gremour the Skirmisher (level 4, -1/42 HPs)
             Began as a Draconian Monk on Dec 20, 2019.
             Slain by a hound (4 damage)
             ... on level 4 of the Dungeon.
             The game lasted 00:10:14 (2159 turns).

Gremour the Skirmisher (Draconian Monk)             Turns: 2159, Time: 00:10:15

Health: -1/42      AC:  5    Str: 13    XL:     4   Next: 57%
Magic:  4/4        EV: 11    Int: 10    God:
Gold:   208        SH:  7    Dex: 15    Spells: 3/3 levels left

rFire    . . .     SeeInvis .   a - +0 falchion
rCold    . . .     Gourm    .   m - +0 shield (curse)
rNeg     . . .     Faith    .   (armour unavailable)
rPois    .         Spirit   .   (helmet restricted)
rElec    .         Reflect  .   (no cloak)
rCorr    .         Harm     .   (no gloves)
MR       .....                  (no boots)
Stlth    ++........             e - amulet of inaccuracy (curse)
HPRegen  0.14/turn              (no ring)
MPRegen  0.09/turn              (no ring)

@: no status effects
A: unfitting armour, cold-blooded, AC +5
a: no special abilities


You were on level 4 of the Dungeon.
You were not hungry.

You visited 1 branch of the dungeon, and saw 4 of its levels.

You collected 208 gold pieces.

Inventory:

Hand Weapons
 a - a +0 falchion (weapon)
Missiles
 i - 29 poisoned darts (quivered)
Armour
 m - a cursed +0 shield (worn)
Jewellery
 e - a cursed amulet of inaccuracy (around neck)
Scrolls
 c - 2 scrolls of enchant armour
 d - 3 scrolls of identify
 g - a scroll of immolation
 j - 2 scrolls of teleportation
Comestibles
 b - 6 rations


   Skills:
 * Level 5.1 Fighting
 - Level 3.0 Long Blades
 + Level 3.6 Dodging
 - Level 1.7 Stealth
 - Level 0.2 Shields


You had 3 spell levels left.
You didn't know any spells.
Your spell library was empty.

Dungeon Overview and Level Annotations

Branches:
Dungeon (4/15)
 Temple: D:4-7

Altars:

Annotations:
D:3 Grinder


Innate Abilities, Weirdness & Mutations

Your plain brown scales are hard. (AC +5)
You cannot fit into any form of body armour.
You are cold-blooded and may be slowed by cold attacks.


Message History

* * * LOW HITPOINT WARNING * * *
Grinder gestures at you. You resist with significant effort.
There is an escape hatch in the floor here.
You slide downwards.
The hatch slams shut behind you.
A hound comes into view.
Found 22 stones.
Found 15 gold pieces and a glowing robe.
The hound barks!
You eat one of the 7 rations.
That ration really hit the spot!
You miss the hound. The hound misses you. The hound closely misses you.
You miss the hound.
You feel a little less agile now. The hound bites you but does no damage.
You block the hound's attack.
You closely miss the hound.
Your tail-slap misses the hound.
The hound bites you.
* * * LOW HITPOINT WARNING * * *
You block the hound's attack.
You miss the hound. The hound barely misses you. The hound bites you.
You die...

...... #........
##........## .#
#[...$.....# ...
#..........## ....
##...........#.
#....###..............
#......h............
###...@#..........# .
##..####.......#...
#..# ###......... #..
##.(...... #..
#........ #..
##....... #. .......
.. ....... .......


You could see a hound.

Vanquished Creatures
  4 adders
  An ooze (D:2)
  3 leopard geckos
  An orc (D:3)
  A ball python (D:1)
  2 bats
  3 giant cockroaches
  5 goblins
  5 hobgoblins
  13 jackals (D:3)
  2 quokkas
  3 frilled lizards
  10 kobolds
  6 rats
59 creatures vanquished.

Notes
Turn   | Place    | Note
-------+----------+-------------------------------------------
     0 | D:1      | Gremour the Draconian Monk began the quest for the Orb.
     0 | D:1      | Reached XP level 1. HP: 19/19 MP: 1/1
   238 | D:1      | Reached XP level 2. HP: 26/27 MP: 2/2
   781 | D:2      | Reached skill level 4 in Fighting
   871 | D:2      | Reached XP level 3. HP: 32/33 MP: 3/3
  1338 | D:3      | Noticed an ice beast
  1344 | D:3      | Reached XP level 4. HP: 41/41 MP: 4/4
  1830 | D:3      | Reached skill level 5 in Fighting
  2060 | D:3      | Noticed Grinder
  2124 | D:3      | HP: 1/42 [Grinder (7)]
  2142 | D:3      | HP: 1/42 [Grinder (2)]
  2159 | D:4      | Slain by a hound

Levels and vault maps discovered:
D:1:      elethiomel_arrival_shortcut, layout_basic
D:2:      layout_basic
D:3:      layout_loops_ring, chequers_ecumenical_altar_simple_redux,
          uniq_grinder
D:4:      layout_layer_cave, minmay_temple_entry_water_ring, first_ration,
          kennysheep_generic_room_11, uniq_menkaure

Skill      XL: |  1  2  3  4 |
---------------+-------------+-----
Dodging        | 3 |  3.6
Fighting       | 4 5 |  5.1
Long Blades    | |  3.0
Stealth        | |  1.7
Shields        | |  0.2

Action                   |  1- 3 |  4- 6 || total
-------------------------+-------+-------++-------
Melee: Falchion          |   112 |   135 ||   247
       Tailslap          |    12 |    13 ||    25
  Use: Scroll            |     5 |     2 ||     7
       Potion            |     2 |     1 ||     3
 Stab: Sleeping          |     4 |     2 ||     6
  Eat: Chunk             |     1 |     3 ||     4
       Ration            |       |     1 ||     1
Armor: Skin              |    28 |    42 ||    70
Dodge: Dodged            |    72 |    77 ||   149
Block: Shield            |    26 |    55 ||    81
       Rpst.: Falchion   |    21 |    20 ||    41

Table legend:
 A = Non-vault XP
 B = Vault XP
 C = Vault XP percentage of total XP
 D = Non-vault monster count
 E = Vault monster count
 F = Vault count percentage of total count
                 A         B        C        D         E       F
            +---------+---------+-------+---------+---------+-------
      Total |     154 |       0 |   0.0 |      59 |       0 |   0.0
            +---------+---------+-------+---------+---------+-------
        D:1 |      21 |       0 |   0.0 |      13 |       0 |   0.0
        D:2 |      67 |       0 |   0.0 |      17 |       0 |   0.0
        D:3 |      66 |       0 |   0.0 |      29 |       0 |   0.0
            +---------+---------+-------+---------+---------+-------
